 Dungeon Crawl Stone Soup version 0.28.0-45-g0d030f2227 (webtiles) character file.

Game seed: 12436128701706212117

347 101zpm the Cudgeller (level 6, -2/39 HPs)
             Began as a Gargoyle Fighter on Apr 9, 2022.
             Slain by a water moccasin (12 damage)
             ... on level 4 of the Dungeon.
             The game lasted 00:07:21 (4724 turns).

101zpm the Cudgeller (Gargoyle Fighter)             Turns: 4724, Time: 00:07:22

Health: -2/39      AC: 11    Str: 21    XL:     6   Next: 59%
Magic:  6/6        EV:  9    Int:  9    God:
Gold:   215        SH:  4    Dex:  9    Spells: 5/5 levels left

rFire   . . .      SeeInvis .   a - +0 flail
rCold   . . .      Faith    .   c - +0 buckler
rNeg    + . .      Spirit   .   b - +0 scale mail
rPois   ∞          Reflect  .   (no helmet)
rElec   +          Harm     .   (no cloak)
rCorr   .          Rampage  .   (no gloves)
Will    .....                   (no boots)
Stlth   ..........              (no amulet)
HPRegen 0.13/turn               (no ring)
MPRegen 0.10/turn               (no ring)

@: no status effects
A: sickness immunity, AC +4, negative energy resistance 1, electricity
resistance, torment resistance 1, petrification resistance
a: no special abilities


You were on level 4 of the Dungeon.
You visited 1 branch of the dungeon, and saw 4 of its levels.
You also visited: Sewer.

You collected 215 gold pieces.

Inventory:

Hand Weapons
 a - a +0 flail (weapon)
Missiles
 i - 2 datura-tipped darts (quivered)
 l - a throwing net
 o - 54 sling bullets
 p - 61 stones
Armour
 b - a +0 scale mail (worn)
 c - a +0 buckler (worn)
 y - a +0 troll leather armour {Pargi}
Jewellery
 j - a +6 ring of intelligence
 z - an amulet of reflection
Scrolls
 h - 2 scrolls of vulnerability {unknown}
 k - a scroll of fog {unknown}
 m - a scroll of silence {unknown}
 n - 2 scrolls of teleportation
 q - a scroll of identify {unknown}
 s - a scroll of fear {unknown}
 t - a scroll of magic mapping {unknown}
 v - a scroll of amnesia {unknown}
 x - a scroll of blinking {unknown}
Potions
 d - 2 potions of might
 e - a potion of heal wounds {unknown}
 f - a potion of resistance {unknown}
 g - 3 potions of curing {unknown}
 r - 2 potions of ambrosia {unknown}
 u - a potion of haste {unknown}
 w - a potion of magic {unknown}
 A - a potion of lignification {unknown}


   Skills:
 + Level 4.4 Fighting
 + Level 4.6 Maces & Flails
 + Level 0.3 Throwing
 + Level 4.3 Armour
 + Level 0.8 Dodging
 + Level 1.0 Stealth
 + Level 4.1 Shields


You had 5 spell levels left.
You didn't know any spells.
Your spell library contained the following spells:

 Spells                   Type           Power      Damage    Failure   Level
 Blade Hands              Tmut           0%         N/A       100%        5
 Irradiate                Conj/Tmut      0%         3d13      100%        5
 Summon Forest            Summ/Tloc      0%         N/A       100%        5
 Eringya's Noxious Bog    Tmut/Pois      0%         N/A       100%        6
 Dragon Form              Tmut           0%         N/A       100%        7
 Summon Hydra             Summ           0%         N/A       100%        7


Dungeon Overview and Level Annotations

Branches:
Dungeon (4/15)              Sewer (visited)
 Temple: D:4-7

Altars:

Shops:
D:1 [   D:2 [


Innate Abilities, Weirdness & Mutations

You are immune to sickness and miasma.
Your stone body is resilient. (AC +4)
You are immune to poison.
You resist negative energy. (rN+)
You are resistant to electric shocks. (rElec)
You are resistant to unholy torment.
You are immune to petrification.


Message History

Things that are here:
a +0 scale mail; a hobgoblin corpse A water moccasin comes into view.
The water moccasin hisses angrily.
You barely miss the water moccasin. The water moccasin bites you.
You miss the water moccasin. The water moccasin bites you.
The water moccasin closely misses you.
You miss the water moccasin. You block the water moccasin's attack.
The water moccasin bites you.
You closely miss the water moccasin.
The water moccasin bites you but does no damage. x2
You completely miss the water moccasin. The water moccasin bites you!
You sock the water moccasin!
The water moccasin is moderately wounded.
The water moccasin bites you. The water moccasin closely misses you.
You are too injured to fight recklessly!
Throw: 4 darts (datura)
Press: ? - help, Q - select action, (/) - cycle Shift-Dir - straight line, f - water moccasin
Aim: a water moccasin (moderately wounded, 35% to hit, chance to frenzy on hit: 41%)
You throw a datura-tipped dart.
The datura-tipped dart hits the water moccasin.
The water moccasin resists.
The water moccasin is moderately wounded.
The water moccasin bites you.
The water moccasin bites you but does no damage.
The water moccasin bites you but does no damage.
The water moccasin bites you but does no damage.
The water moccasin barely misses you. The water moccasin bites you.
* * * LOW HITPOINT WARNING * * *
Throw: 3 darts (datura)
Press: ? - help, Q - select action, (/) - cycle Shift-Dir - straight line, f/p - water moccasin
Aim: a water moccasin (moderately wounded, 35% to hit, chance to frenzy on hit: 27%)
You throw a datura-tipped dart.
The datura-tipped dart hits the water moccasin.
The water moccasin flies into a frenzy!
The water moccasin is moderately wounded.
The water moccasin bites you but does no damage.
The water moccasin bites you!
You die...

).)####..#
##..$......
#........#
#..........
####.....##
##.#(.......
#####..##
##..#........
#....###
###..##........
#......##
#.#..##...>....
##......#
#..###........
#......######..#
##.......
##......[@S...##
#.......
#.......[....#
##......#####.#
##......# #.. ####
##..##...# #...
##..####..######.#
.## #........## ##
. #........## #
#.........#


You could see a neutral water moccasin (fast, strong, insane).

Vanquished Creatures
  Pargi (Sewer)
  3 orc wizards
  7 gnolls
  4 adders
  A worm (D:3)
  2 dart slugs (D:2)
  4 orcs
  7 ball pythons
  8 endoplasms
  3 giant cockroaches
  3 goblins
  7 hobgoblins
  4 jackals
  11 kobolds
  2 quokkas
  3 bats
  5 frilled lizards
  6 rats
81 creatures vanquished.

Vanquished Creatures (collateral kills)
  A gnoll (D:4)
1 creature vanquished.

Vanquished Creatures (others)
  2 fungi (D:1)
2 creatures vanquished.

Grand Total: 84 creatures vanquished

Notes
Turn   | Place    | Note
-------+----------+-------------------------------------------
     0 | D:1      | 101zpm the Gargoyle Fighter began the quest for the Orb.
     0 | D:1      | Reached XP level 1. HP: 14/14 MP: 1/1
   466 | D:1      | Reached XP level 2. HP: 18/19 MP: 2/2
   812 | D:1      | Reached XP level 3. HP: 22/23 MP: 3/3
   944 | D:1      | Found Rakorgh's Antique Armour Shop.
  1731 | D:2      | Reached XP level 4. HP: 16/29 MP: 4/4
  2127 | D:2      | Found Juizui's Armour Shoppe.
  2144 | D:2      | Found a faded altar of an unknown god.
  2146 | D:2      | Noticed an eye of devastation
  2151 | D:2      | Noticed a floating eye
  2504 | D:2      | Noticed an eye of devastation
  2508 | D:2      | Noticed an eye of devastation
  2985 | D:3      | Reached XP level 5. HP: 33/33 MP: 5/5
  3646 | D:4      | Found a glowing drain.
  3666 | Sewer    | Entered a sewer
  3818 | Sewer    | Noticed Pargi
  3828 | Sewer    | Killed Pargi
  3829 | Sewer    | Reached XP level 6. HP: 35/38 MP: 6/6
  4608 | D:4      | Reached skill level 1 in Stealth
  4706 | D:4      | Noticed a water moccasin
  4724 | D:4      | Slain by a water moccasin

Illustrated notes

Levels and vault maps discovered:
D:1:      dpeg_cavernosity, layout_basic, serial_shops,
          nicolae_shop_hallway_plus, minmay_misc_feat_rugged,
          corexii_corridor_pit, solitary_fountain
D:2:      layout_rooms, hellmonk_ecumenical_altar_watching_god, serial_shops,
          nicolae_shop_trees, chequers_serial_rivers_micro_d
D:3:      layout_loops_ring, columned_hall_lemuel
D:4:      layout_cave_pods, lemuel_tele_altar, portal_sewer_entry_a

Skill      XL: |  1  2  3  4  5  6 |
---------------+-------------------+-----
Maces & Flails | 3 4 |  4.6
Fighting       | 4 |  4.4
Shields        | 4 |  4.1
Armour         | 4 |  4.3
Stealth        | 1 |  1.0
Throwing       | |  0.3
Dodging        | |  0.8

Action                   |  1- 3 |  4- 6 || total
-------------------------+-------+-------++-------
Melee: Flail             |   122 |   191 ||   313
Throw: Dart              |       |    12 ||    12
  Use: Scroll            |       |     1 ||     1
 Stab: Distracted        |       |     1 ||     1
Armor: Scale mail        |    59 |   108 ||   167
Dodge: Dodged            |    66 |    93 ||   159
Block: Buckler           |    21 |    46 ||    67
